 Dungeon Crawl Stone Soup version 0.29.1-12-g30fa7ad0bf (webtiles) character file.

Game seed: 18043412951345631814

732 croobank the Digger (level 7, -2/40 HPs)
             Began as a Gargoyle Earth Elementalist on Dec 26, 2022.
             Was an Initiate of Vehumet.
             Slain by Edmund
             ... wielding a +3 vorpal flail
              (8 damage)
             ... on level 5 of the Dungeon.
             The game lasted 00:20:36 (6651 turns).

croobank the Digger (Gargoyle Earth Elementalist)   Turns: 6651, Time: 00:20:36

Health: -2/40      AC: 12    Str: 11    XL:     7   Next: 73%
Magic:  1/11       EV: 10    Int: 23    God:    Vehumet [......]
Gold:   271        SH:  0    Dex: 10    Spells: 6/12 levels left

rFire   . . .      SeeInvis .   a - +1 dagger
rCold   . . .      Faith    .   (no shield)
rNeg    + . .      Spirit   .   j - +1 ring mail of the Archfiend {Int+5}
rPois   ∞          Reflect  .   s - +0 helmet
rElec   +          Harm     .   (no cloak)
rCorr   .          Rampage  .   (no gloves)
Will    .....                   (no boots)
Stlth   ++........              (no amulet)
HPRegen 0.13/turn               g - ring of wizardry
MPRegen 0.12/turn               (no ring)

@: brilliant, very slightly contaminated
A: sickness immunity, AC +4, negative energy resistance 1, electricity
resistance, torment resistance 1, petrification resistance
a: Renounce Religion


You were on level 5 of the Dungeon.
You worshipped Vehumet.
Vehumet was noncommittal.
You visited 2 branches of the dungeon, and saw 6 of its levels.
You also visited: Sewer.

You collected 271 gold pieces.

Inventory:

Hand Weapons
 a - a +1 dagger (weapon)
 b - a +0 sling
 r - a +0 great sword
 x - a +3 mace
Missiles
 k - 7 poisoned darts
 y - 4 boomerangs
Armour
 f - a +0 robe
 i - a +0 ring mail of cold resistance
 j - the +1 ring mail of the Archfiend (worn) {Int+5}
   (You found it on level 4 of the Dungeon)

   Int:       It affects your intelligence (+5).
 s - a +0 helmet (worn)
Jewellery
 g - a ring of wizardry (left hand)
Scrolls
 c - 5 scrolls of teleportation
 d - a scroll of summoning {unknown}
 e - a scroll of fog {unknown}
 u - a scroll of poison {unknown}
 w - a scroll of amnesia
Potions
 h - a potion of berserk rage {unknown}
 l - a potion of flight {unknown}
 m - 6 potions of curing
 n - a potion of magic
 o - 4 potions of heal wounds {unknown}
 p - 3 potions of degeneration {unknown}
 q - 3 potions of attraction {unknown}
 t - a potion of mutation {unknown}


   Skills:
 + Level 2.8 Fighting
 * Level 3.9 Armour
 + Level 2.6 Dodging
 + Level 3.9 Stealth
 + Level 3.1 Spellcasting
 + Level 2.3 Conjurations
 + Level 2.3 Transmutations
 + Level 5.0 Earth Magic


You had 6 spell levels left.
You knew the following spells:

 Your Spells              Type           Power      Damage    Failure   Level
a - Sandblast             Erth           78%        2d17      1%          1
b - Passwall              Tmut/Erth      25%        N/A       3%          2
c - Stone Arrow           Conj/Erth      60%        3d10      7%          3

Your spell library contained the following spells:

 Spells                   Type           Power      Damage    Failure   Level
 Magic Dart               Conj           84%        1d7       4%          1
 Searing Ray              Conj           42%        2d6       6%          2
 Static Discharge         Conj/Air       13%        3-5/arc   10%         2
 Slow                     Hex            20%        N/A       11%         1
 Petrify                  Tmut/Erth      30%        N/A       22%         4
 Confusing Touch          Hex            5%         N/A       30%         3
 Vampiric Draining        Necr           5%         2d6       30%         3
 Fulminant Prism          Conj/Hex       6%         3d7       52%         4
 Lightning Bolt           Conj/Air       6%         1d18      85%         5
 Maxwell's Capacitive Co  Air            2%         ∞         100%        8
 Chain Lightning          Conj/Air       6%         3d8       100%        9
 Fire Storm               Conj/Fire      6%         8d2       100%        9
 Shatter                  Erth           19%        3d18*     100%        9


Dungeon Overview and Level Annotations

Branches:
Dungeon (5/15)             Temple (1/1) D:5           Sewer (visited)

Altars:
Dithmenos
Fedhas
Hepliaklqana
Kikubaaqudgha
Makhleb
Okawaru
Qazlal
Ru
Uskayaw
Vehumet
Wu Jian
Yredelemnul
The Shining One

Annotations:
D:5 Edmund


Innate Abilities, Weirdness & Mutations

You are immune to sickness and miasma.
Your stone body is resilient. (AC +4)
You are immune to poison.
You resist negative energy. (rN+)
You are resistant to electric shocks. (rElec)
You are resistant to unholy torment.
You are immune to petrification.


Message History

Confirm with . or Enter, or press ? or * to list all spells.
Aiming: Stone Arrow (dangerous; 7% risk of failure)
Press: ? - help, Shift-Dir - straight line, f/p - Edmund
Aim: Edmund, wielding a +3 vorpal flail and wearing a +0 ring mail (severely wounded, 77% to hit)
You feel a surge of power!
You miscast Stone Arrow.
You are very lightly contaminated with residual magic.
Nothing appears to happen.
Edmund hits you with a +3 vorpal flail.
Okay, then.
Edmund attacks as you move away! Edmund hits you with a +3 vorpal flail.
Edmund attacks as you move away! Edmund hits you but does no damage.
Casting: Stone Arrow (dangerous; 7% risk of failure)
Confirm with . or Enter, or press ? or * to list all spells.
Aiming: Stone Arrow (dangerous; 7% risk of failure)
Press: ? - help, Shift-Dir - straight line, f/p - Edmund
Aim: Edmund, wielding a +3 vorpal flail and wearing a +0 ring mail (severely wounded, 77% to hit)
You feel a surge of power!
You miscast Stone Arrow.
Nothing appears to happen.
Edmund asks, "Have you met my wondrous brother?"
Edmund barely misses you.
Casting: Stone Arrow (dangerous; 7% risk of failure)
Confirm with . or Enter, or press ? or * to list all spells.
Aiming: Stone Arrow (dangerous; 7% risk of failure)
Press: ? - help, Shift-Dir - straight line, f/p - Edmund
Aim: Edmund, wielding a +3 vorpal flail and wearing a +0 ring mail (severely wounded, 77% to hit)
You feel a surge of power!
The stone arrow hits Edmund!
Edmund is almost dead.
Edmund hits you with a +3 vorpal flail!
* * * LOW HITPOINT WARNING * * *
x2
Okay, then.
You aren't carrying any items that you can evoke.
Casting: Stone Arrow (dangerous; 7% risk of failure)
Confirm with . or Enter, or press ? or * to list all spells.
Aiming: Passwall (safe; 3% risk of failure)
Press: ? - help, Dir - move target, p - Edmund A rock wall.
You feel a surge of power! Edmund closely misses you.
You begin to meditate on the wall.
You continue meditating on the rock.
Edmund closely misses you.
You continue meditating on the rock.
Edmund hits you with a +3 vorpal flail!
You die...

... #.### #.# ###....
... ..##### #.# #.# ###
#)# #.# .. #.# #.#####
#. ##.#####......
#..##.####.............
#.....@@l.....#########
#.########...## ##.##
...# #####


You could see Edmund and an iguana.

Vanquished Creatures
  A water moccasin (D:5)
  An ogre (D:4)
  A centaur (D:5)
  2 hounds
  Jessica (D:2)
  2 iguanas (D:5)
  4 gnolls
  11 adders
  8 river rats (Sewer)
  A white imp (D:5)
  3 worms
  12 orcs
  10 ball pythons
  5 endoplasms
  3 giant cockroaches
  4 goblins
  6 hobgoblins
  5 jackals
  4 kobolds
  3 quokkas
  5 bats
  9 frilled lizards
  14 rats
115 creatures vanquished.

Notes
Turn   | Place    | Note
-------+----------+-------------------------------------------
     0 | D:1      | croobank the Gargoyle Earth Elementalist began the quest
                  | for the Orb.
     0 | D:1      | Reached XP level 1. HP: 10/10 MP: 3/3
   197 | D:1      | Found a faded altar of an unknown god.
   200 | D:1      | Reached skill level 1 in Transmutations
   274 | D:1      | Reached XP level 2. HP: 16/16 MP: 3/5
   277 | D:1      | Learned a level 2 spell: Passwall
   964 | D:2      | Reached XP level 3. HP: 20/20 MP: 2/6
  1024 | D:2      | Reached skill level 1 in Armour
  1134 | D:2      | Reached skill level 1 in Fighting
  1162 | D:2      | Learned a level 3 spell: Stone Arrow
  1202 | D:2      | Reached XP level 4. HP: 24/25 MP: 4/7
  1295 | D:2      | Noticed Jessica
  1303 | D:2      | Killed Jessica
  1304 | D:2      | Reached skill level 4 in Earth Magic
  2834 | D:3      | Reached XP level 5. HP: 27/29 MP: 3/8
  2918 | D:4      | Found a glowing drain.
  2971 | Sewer    | Entered a sewer
  3065 | Sewer    | Reached skill level 1 in Conjurations
  4201 | Sewer    | Reached XP level 6. HP: 35/35 MP: 5/9
  5168 | D:4      | Identified the +1 ring mail of the Archfiend {Int+5}
  5286 | D:4      | Found a burning altar of Makhleb.
  5518 | D:4      | Reached XP level 7. HP: 40/40 MP: 9/11
  5715 | D:5      | Entered Level 5 of the Dungeon
  5807 | D:5      | Found a staircase to the Ecumenical Temple.
  5820 | Temple   | Entered the Ecumenical Temple
  5820 | Temple   | Found a transporter.
  5820 | Temple   | Found a transporter.
  5823 | Temple   | Found a transporter.
  5823 | Temple   | Found a transporter.
  5850 | Temple   | Became a worshipper of Vehumet
  6138 | D:5      | Found an ancient bone altar of Kikubaaqudgha.
  6363 | D:5      | Noticed Edmund
  6639 | D:5      | Reached skill level 5 in Earth Magic
  6651 | D:5      | Slain by Edmund

Illustrated notes

Levels and vault maps discovered:
D:1:      noname_arrival_rooms_in_the_neighbourhood, layout_basic,
          basic_ecumenical_altar
D:2:      layout_basic, st_stairs_4, nrook_mini_vaults, uniq_jessica
D:3:      layout_basic
D:4:      layout_basic, overflow_temple_1_default, cheibrodos_sewer_entry_bend
D:5:      layout_loops_ring, mainiacjoe_overflow_concentric_impassable,
          minmay_temple_entry_large_hall, minmay_crystal_room, st_stairs_7,
          uniq_edmund
Temple:   hellmonk_temple_divided_pantheon

Skill      XL: |  1  2  3  4  5  6  7 |
---------------+----------------------+-----
Transmutations | 1 2 |  2.3
Armour         | 1 2 3 |  3.9
Fighting       | 1 2 |  2.8
Earth Magic    | 4 5 |  5.0
Dodging        | 2 |  2.6
Conjurations   | 1 2 |  2.3
Stealth        | 3 |  3.9
Spellcasting   | 3 |  3.1

Action                   |  1- 3 |  4- 6 |  7- 9 || total
-------------------------+-------+-------+-------++-------
Melee: Dagger            |    21 |   215 |    46 ||   282
       Punch             |       |     1 |     1 ||     2
 Cast: Sandblast         |    26 |    73 |    32 ||   131
       Stone Arrow       |       |     6 |     3 ||     9
       Passwall          |       |       |     1 ||     1
  Use: Scroll            |       |    12 |       ||    12
       Potion            |       |     3 |     1 ||     4
 Stab: Sleeping          |     2 |     7 |       ||     9
Armor: Robe              |    11 |    77 |       ||    88
       Ring mail         |       |    13 |    45 ||    58
Dodge: Dodged            |    20 |   159 |    55 ||   234
